 Dungeon Crawl Stone Soup version 0.27-a0-1519-gc8121b2 (webtiles) character file.

Game seed: 948402749835387578

88 Illumine the Shield-Bearer (level 4, -2/37 HPs)
             Began as a Formicid Fighter on July 9, 2021.
             Slain by Edmund (4 damage)
             ... on level 4 of the Dungeon.
             The game lasted 00:02:44 (3037 turns).

Illumine the Shield-Bearer (Formicid Fighter)       Turns: 3037, Time: 00:02:45

Health: -2/37      AC:  6    Str: 28    XL:     4   Next: 82%
Magic:  4/4        EV:  8    Int:  7    God:
Gold:   117        SH: 10    Dex: 10    Spells: 3/3 levels left

rFire    . . .     SeeInvis +   a - +0 long sword
rCold    . . .     Faith    .   c - +0 kite shield
rNeg     . . .     Spirit   .   b - +0 scale mail
rPois    .         Reflect  .   (helmet unavailable)
rElec    .         Harm     .   (no cloak)
rCorr    .         Rampage  .   (no gloves)
Will     .....                  (no boots)
Stlth    ..........             (no amulet)
HPRegen  0.12/turn              l - +6 ring of strength
MPRegen  0.09/turn              (no ring)

@: no status effects
A: permanent stasis, dig shafts and tunnels, antennae 3, four strong arms
a: Dig, Shaft Self


You were on level 4 of the Dungeon.
You visited 1 branch of the dungeon, and saw 4 of its levels.

You collected 117 gold pieces.

Inventory:

Hand Weapons
 a - a +0 long sword (weapon)
 g - a +0 hunting sling
Missiles
 f - 43 sling bullets
Armour
 b - a +0 scale mail (worn)
 c - a +0 kite shield (worn)
Jewellery
 i - a ring of fire
 l - a +6 ring of strength (left hand)
 m - a ring of positive energy
 n - a ring of wizardry
Scrolls
 h - a scroll of enchant armour {unknown}
 j - a scroll of holy word {unknown}
 k - a scroll of teleportation {unknown}
 o - 2 scrolls of blinking {unknown}
 p - a scroll of enchant weapon {unknown}
 q - a scroll of torment {unknown}
 r - a scroll of noise {unknown}
 s - a scroll of fear {unknown}
Potions
 d - a potion of might
 e - 2 potions of haste {unknown}
 t - a potion of heal wounds {unknown}
 u - a potion of degeneration {unknown}


   Skills:
 + Level 4.0 Fighting
 * Level 3.5 Long Blades
 - Level 3.2 Armour
 + Level 4.4 Shields


You had 3 spell levels left.
You didn't know any spells.
Your spell library contained the following spells:

 Spells                   Type           Power      Damage    Failure   Level
 Ignite Poison            Fire/Tmut/Pois 0%         N/A       100%        3
 Mephitic Cloud           Conj/Pois/Air  0%         N/A       100%        3
 Bolt of Magma            Conj/Fire/Erth 0%         4d4       100%        5
 Manifold Assault         Tloc           0%         N/A       100%        5
 Storm Form               Tmut/Air       0%         N/A       100%        7
 Blink                    Tloc           Unusable   N/A       N/A         2

Dungeon Overview and Level Annotations

Branches:
Dungeon (4/15)             Temple (0/1) D:4

Altars:

Annotations:
D:4 Edmund


Innate Abilities, Weirdness & Mutations

You cannot be hasted, slowed, berserked, paralysed or teleported.
You can dig through walls and to a lower floor.
You have a pair of large antennae on your head. (SInv)
Your four strong arms can wield two-handed weapons with a shield.


Message History

A hobgoblin is nearby!
You barely miss the hobgoblin.
The hobgoblin hits you but does no damage.
A hobgoblin is nearby!
You barely miss the hobgoblin. The hobgoblin hits you. x2
A hobgoblin is nearby!
You slash the hobgoblin!
You kill the hobgoblin!
No target in view!
No target in view!
HP restored.
Edmund the Younger comes into view.
He is wielding a +3 dire flail of protection.
Edmund shouts!
Edmund is nearby!
Found a staircase to the Ecumenical Temple.
Edmund is nearby!
Edmund hits you with a +3 dire flail of protection.
Found a stone staircase leading down.
You hit Edmund but do no damage. You block Edmund's attack.
Your scale mail prevents you from hitting Edmund.
Edmund hits you with a +3 dire flail of protection!
Edmund says, "A flail is better than a scythe, any day of the week!"
Edmund closely misses you.
You feel stronger.
l - a +6 ring of strength (left hand)
You barely miss Edmund. You block Edmund's attack.
Edmund hits you with a +3 dire flail of protection!
You barely miss Edmund. You block Edmund's attack.
You hit Edmund but do no damage.
Edmund hits you with a +3 dire flail of protection.
You barely miss Edmund. Edmund barely misses you.
Edmund hits you with a +3 dire flail of protection!
* * * LOW HITPOINT WARNING * * *
You hit Edmund but do no damage. Edmund barely misses you.
You barely miss Edmund. You block Edmund's attack.
Edmund hits you with a +3 dire flail of protection.
* * * LOW HITPOINT WARNING * * *
You closely miss Edmund.
Edmund hits you with a +3 dire flail of protection.
You die...

#.##.#.#.#.#
.....#†#...#
........####
...####..#
.. #..#
...####..###
...........#
....#...!#.#
.. #..@.#.#
#..@.# #
>......#
.≈≈§.....#
≈≈§§≈....#
§§§§§§...#
§≈>§§§§..#
≈§§§§§.#.#


You could see Edmund.

Vanquished Creatures
  3 adders
  A dart slug (D:3)
  6 ball pythons
  An endoplasm (D:2)
  4 giant cockroaches
  6 goblins
  7 hobgoblins
  2 jackals (D:2)
  3 quokkas
  2 bats
  7 frilled lizards
  7 kobolds
  6 rats
55 creatures vanquished.

Notes
Turn   | Place    | Note
-------+----------+-------------------------------------------
     0 | D:1      | Illumine the Formicid Fighter began the quest for the Orb.
     0 | D:1      | Reached XP level 1. HP: 18/18 MP: 1/1
   241 | D:1      | Reached XP level 2. HP: 20/24 MP: 2/2
   703 | D:1      | Reached XP level 3. HP: 28/29 MP: 3/3
  1543 | D:2      | Reached XP level 4. HP: 23/37 MP: 4/4
  1686 | D:2      | Found a faded altar of an unknown god.
  3024 | D:4      | Noticed Edmund
  3026 | D:4      | Found a staircase to the Ecumenical Temple.
  3037 | D:4      | Slain by Edmund

Illustrated notes

Levels and vault maps discovered:
D:1:      heliophobic_arrival_enchanted_forest, layout_rooms,
          serial_bayou_pond_d, minivault_25, chequers_serial_rivers_small_3,
          corexii_hall_statues_t, minivault_27
D:2:      kb_forest_paths, layout_basic,
          shapermc_ecumenical_altar_starsandcircs, minmay_goblin_outpost
D:3:      layout_loops_corners
D:4:      cheibrodos_thug_alley, layout_basic, minmay_temple_entry_mist,
          minmay_misc_feat_doors, grunt_ministairs_12, uniq_edmund, uniq_pikel

Skill      XL: |  1  2  3  4 |
---------------+-------------+-----
Shields        | 4 |  4.4
Long Blades    | 3 |  3.5
Fighting       | 4 |  4.0
Armour         | |  3.2

Action                   |  1- 3 |  4- 6 || total
-------------------------+-------+-------++-------
Melee: Long sword        |   120 |    62 ||   182
Armor: Scale mail        |    51 |    20 ||    71
Dodge: Dodged            |    51 |    16 ||    67
Block: Kite shield       |    73 |    23 ||    96
       Rpst.: Long sword |    16 |     4 ||    20

Table legend: (Time is in decaauts)
 A = Elapsed time spent in this place.
 B = Non-inter-level travel time spent in this place.
 C = Inter-level travel time spent in this place.
 D = Time resting spent in this place.
 E = Time spent auto-exploring this place.
 F = Levels seen in this place.
 G = Mean time per level.
                   A        B        C        D        E       F      G
               +--------+--------+--------+--------+--------+-----+--------+
         Total |   3114 |   3000 |    114 |      0 |   2508 |   4 |  778.5 |
       Dungeon |   3114 |   3000 |    114 |      0 |   2508 |   4 |  778.5 |
               +--------+--------+--------+--------+--------+-----+--------+

Top non-repeatable levels by time:
     D:2: 1238 daAuts
     D:1: 916 daAuts
     D:3: 892 daAuts
     D:4: 66 daAuts
